 Dungeon Crawl Stone Soup version 0.20-a0-502-g555d78b (webtiles) character file.

32 Amnesiac the Vexing (level 3, 0/24 HPs)
             Began as a Mummy Enchanter on Jan 20, 2017.
             Killed from afar by a dart slug (7 damage)
             ... with a slug dart
             ... on level 4 of the Dungeon.
             The game lasted 00:04:20 (2349 turns).

Amnesiac the Vexing (Mummy Enchanter)               Turns: 2349, Time: 00:04:20

Health: 0/24       AC:  2    Str: 11    XL:     3   Next: 8%
Magic:  2/7        EV: 12    Int: 15    God:
Gold:   91         SH:  0    Dex: 12    Spells: 1/8 levels left

rFire    x . .     SeeInvis .   a - +1 dagger
rCold    + . .     Gourm    .   b - +0 robe
rNeg     + + +     Faith    .   (no shield)
rPois    ∞         Spirit   .   (no helmet)
rElec    .         Reflect  .   (no cloak)
rCorr    .         Harm     .   (no gloves)
MR       .....                  (no boots)
Stlth    ++........             (no amulet)
Regen    0.1/turn               (no ring)
                                (no ring)

@: very slightly contaminated
A: no food or potions, fire vulnerability, cold resistance 1, negative energy
resistance 3, torment resistance, unbreathing
a: no special abilities


You were on level 4 of the Dungeon.
You were not hungry.

You visited 1 branch of the dungeon, and saw 4 of its levels.

You collected 91 gold pieces.

Inventory:

Hand Weapons
 a - a +1 dagger (weapon)
Armour
 b - a +0 robe (worn)
Jewellery
 e - a +5 ring of strength {unknown}
Scrolls
 d - a scroll of blinking {unknown}
Books
 c - a book of Maledictions

   Spells                             Type                      Level
   a - Corona                         Hexes                        1
   b - Ensorcelled Hibernation        Hexes/Ice                    2
   c - Confuse                        Hexes                        3
   d - Tukima's Dance                 Hexes                        3
   e - Dazzling Spray                 Conjuration/Hexes            3


   Skills:
 - Level 1.0 Short Blades
 - Level 1.5 Dodging
 - Level 2.4 Stealth
 + Level 3.1 Spellcasting
 * Level 3.5 Hexes


You had one spell level left.
You knew the following spells:

 Your Spells              Type           Power        Failure   Level  Hunger
e - Confuse               Hex            ##......     17%         3    N/A
f - Corona                Hex            ##.....      6%          1    N/A
w - Tukima's Dance        Hex            ##......     17%         3    N/A

Dungeon Overview and Level Annotations

Branches:
Dungeon (4/15)
 Temple: D:4-7

Altars:
Ru

Annotations:
D:3 exclusions: door and 2 more exclusions


Innate Abilities, Weirdness & Mutations

You do not eat or drink.
Your flesh is vulnerable to fire.
You are immune to poison.
Your flesh is cold resistant. (rC+)
You are immune to negative energy. (rN+++)
You are immune to unholy pain and torment.
You can survive without breathing.


Message History

The slug dart misses you. The dart slug launches a dart at you.
The slug dart hits you! The dart slug launches a dart at you.
The slug dart hits you! The dart slug launches a dart at you.
The slug dart misses you. The dart slug launches a dart at you.
The slug dart hits you! The dart slug launches a dart at you.
The slug dart hits you! The dart slug closely misses you.
The dart slug launches a dart at you. The slug dart hits you!
* * * LOW HITPOINT WARNING * * *
The dart slug launches a dart at you. The slug dart misses you.
The dart slug misses you. The dart slug launches a dart at you.
The slug dart hits you!
You die...

...≈#≈≈≈≈≈.##
##≈≈≈≈≈≈≈≈≈w≈##
.#≈≈≈≈≈$8≈≈≈≈≈≈#
#.≈≈≈≈≈..?≈≈≈≈≈.
#≈w≈≈≈≈..≈≈≈≈≈≈≈#
≈≈≈#≈≈≈#.≈≈≈≈≈≈≈≈
≈≈≈≈≈≈≈8..#≈≈≈≈≈≈
.≈≈≈≈≈≈.@.≈≈≈≈≈≈
≈#≈≈≈≈.w.≈≈≈≈#≈
≈≈≈≈≈≈≈≈.≈≈≈≈≈#≈≈
.≈≈≈#≈≈≈.≈≈≈≈≈≈≈#
..≈ #≈.≈..≈#≈≈w.
.# #≈≈≈!..≈≈w#Z#
#≈≈≈≈≈≈≈#≈≈≈#.
##.≈≈≈≈≈≈≈.##
#.##≈#.≈≈#!.#


You could see 5 dart slugs and a centaur skeleton.

Vanquished Creatures
  2 dart slugs
  2 leopard geckos (D:1)
  A ball python (D:3)
  4 bats
  A giant cockroach (D:1)
  A quokka (D:3)
  2 frilled lizards
  5 goblins
  4 kobolds
  4 rats
26 creatures vanquished.

Notes
Turn   | Place    | Note
-------+----------+-------------------------------------------
     0 | D:1      | Amnesiac the Mummy Enchanter began the quest for the Orb.
     0 | D:1      | Reached XP level 1. HP: 13/13 MP: 4/4
    90 | D:1      | Reached skill level 1 in Short Blades
   708 | D:1      | Reached XP level 2. HP: 14/19 MP: 2/5
  1090 | D:2      | Found a sacrificial altar of Ru.
  1178 | D:2      | Found a faded altar of an unknown god.
  1960 | D:3      | Reached XP level 3. HP: 24/24 MP: 7/7
  1965 | D:3      | Learned a level 3 spell: Confuse
  1969 | D:3      | Learned a level 3 spell: Tukima's Dance
  2349 | D:4      | Killed from afar by a dart slug

Vault maps used:
D:1:      dpeg_arrival_water_temple_mockup
D:2:      nicolae_overflow_hidden_temple, first_bread,
          chequers_ecumenical_altar_island, minmay_item_behind_shaft,
          minmay_misc_feat_ornament, st_stairs_2, uniq_jessica
D:4:      kennysheep_slugbush, tgw_xom

Skill      XL: |  1  2 |
---------------+-------+-----
Short Blades   | 1 |  1.0
Hexes          | 3 |  3.5
Spellcasting   | 3 |  3.1
Dodging        | |  1.5
Stealth        | |  2.4

Action                   || total
-------------------------++-------
Melee: Dagger            ||    80
 Cast: Corona            ||    17
       Confuse           ||     4
 Stab: Sleeping          ||     4
Armor: Robe              ||    17
Dodge: Dodged            ||    69
